AoeStats
← |GaoeG| flamingo

Enclosed

504199587Analyzed
1v1 RM · 27d ago on Sep 4, 2026· 47m 43s· 2 players
Game mode
Random Map
Map size
Tiny (2 player)
Population
200
Speed
Normal
Resources
Standard
Victory
Conquest
Starting age
Dark Age
Ending age
Imperial Age
RankedLock teamsTeams togetherTeam positionsShared explorationLock speedFull tech treeHidden civsTurbo modeCheats
Victory
Defeat
🇦🇺 Berbers · Australia
1360
+16
🇪🇸 Mongols · Spain
1365
-16
Berbers Burgers
11:07 Feudal Age
14:57 Castle Age
13:12 Double-Bit Axe
15:38 Scale Barding Armor
15:28 Town Watch
17:06 Loom
18:20 Horse Collar
24:21 Forging
26:07 Wheelbarrow
26:55 Gold Mining
28:23 Bloodlines
29:14 Fletching
30:24 Iron Casting
32:09 Bow Saw
32:38 Husbandry
34:27 Chain Barding Armor
36:22 Hand Cart
39:04 Imperial Age
37:55 Gold Shaft Mining
37:35 Light Cavalry
39:16 Heavy Camel Rider
41:02 Plate Barding Armor
41:28 Blast Furnace
39:53 Capped Ram
42:24 Chemistry
48:03 Hoardings
|GaoeG| flamingo
6:21 Loom
8:18 Feudal Age
10:04 Double-Bit Axe
10:04 Horse Collar
17:53 Wheelbarrow
20:11 Castle Age
19:25 Scale Barding Armor
19:31 Forging
19:52 Town Watch
20:52 Bloodlines
22:14 Iron Casting
22:49 Husbandry
24:39 Gold Mining
27:56 Bow Saw
27:54 Heavy Plow
31:26 Chain Barding Armor
31:54 Fletching
33:32 Bodkin Arrow
37:10 Gold Shaft Mining
36:30 Stone Mining
39:56 Imperial Age
37:42 Hand Cart
37:35 Padded Archer Armor
38:22 Ballistics
41:01 Conscription
41:52 Blast Furnace
40:16 Heavy Camel Rider
42:21 Chemistry
42:47 Elite Mangudai
43:29 Bracer
44:49 Leather Archer Armor
46:42 Thumb Ring
Connection lost

Rejoining the realm…

Still unreachable

The connection could not be restored.

Session expired

The server has moved on; the page needs a fresh start.